 Dungeon Crawl Stone Soup version 0.22.1-1-ga44c0e56f4 (webtiles) character file.

28 Riddle the Vexing (level 3, -4/17 HPs)
             Began as a Spriggan Arcane Marksman on Oct 5, 2018.
             Shot with a stone by a goblin (6 damage)
             ... led by Robin
             ... on level 2 of the Dungeon.
             The game lasted 00:02:51 (1345 turns).

Riddle the Vexing (Spriggan Arcane Marksman)        Turns: 1345, Time: 00:02:52

Health: -4/17      AC:  2    Str:  6    XL:     3   Next: 0%
Magic:  7/7        EV: 19    Int: 14    God:
Gold:   74         SH:  0    Dex: 17    Spells: 3/6 levels left

rFire    . . .     SeeInvis +   a - +0 shortbow
rCold    . . .     Gourm    .   (shield currently unavailable)
rNeg     . . .     Faith    .   e - +0 robe
rPois    .         Spirit   .   (helmet restricted)
rElec    .         Reflect  .   (no cloak)
rCorr    .         Harm     .   (gloves unavailable)
MR       .....                  (boots unavailable)
Stlth    ++........             (no amulet)
HPRegen  0.05/turn              (no ring)
MPRegen  0.10/turn              (no ring)

@: lethally poisoned (-4 -> -12), very quick
A: very small, unfitting armour, see invisible, herbivore, speed 3, slow
metabolism 2
a: no special abilities


You were on level 2 of the Dungeon.
You were not hungry.

You visited 1 branch of the dungeon, and saw 2 of its levels.

You collected 74 gold pieces.

Inventory:

Hand Weapons
 a - a +0 shortbow (weapon)
Missiles
 d - 14 arrows (quivered)
Armour
 e - a +0 robe (worn)
Scrolls
 c - a scroll of enchant weapon {unknown}
 h - 2 scrolls of identify {unknown}
 j - a scroll of random uselessness {unknown}
 k - a scroll of blinking {unknown}
Potions
 b - a potion of magic {unknown}
 g - a potion of heal wounds {unknown}
 i - 2 potions of curing {unknown}
 l - a potion of ambrosia {unknown}
Comestibles
 f - 2 rations


   Skills:
 - Level 0.7 Fighting
 + Level 2.9 Bows
 + Level 3.5 Dodging
 + Level 1.7 Stealth
 + Level 2.0 Spellcasting
 + Level 4.0 Hexes


You had 3 spell levels left.
You knew the following spells:

 Your Spells              Type           Power        Failure   Level  Hunger
a - Corona                Hex            ##.....      4%          1    ##.....
b - Slow                  Hex            ##......     7%          2    ###....

Your spell library contained the following spells:

 Spells                   Type           Power        Failure   Level  Hunger
 Inner Flame              Hex/Fire       #.......     30%         3    ####...
 Portal Projectile        Hex/Tloc       #.....       30%         3    ####...
 Cause Fear               Hex            ##........   41%         4    #####..
 Leda's Liquefaction      Hex/Erth       #.........   71%         4    #####..


Dungeon Overview and Level Annotations

Branches:
Dungeon (2/15)

Altars:

Annotations:
D:2 Robin


Innate Abilities, Weirdness & Mutations

You are very small and have problems with some larger weapons.
You are too small for most types of armour.
You have supernaturally acute eyesight. (SInv)
You are a herbivore.
You cover ground extremely quickly.
You need to consume almost no food.


Message History

Magic restored.
You start resting.
HP restored.
You climb downwards.
Level annotation: Robin The goblin hits you but does no damage.
You are poisoned.
The goblin hits you but does no damage. The goblin hits you with a dagger.
The goblin hits you but does no damage.
The goblin shoots a stone.
The stone barely misses you. The goblin misses you.
Robin hits you from afar with a spear.
There is a stone staircase leading up, spattered with blood here.
You see here 2 stones.
You feel sick. The goblin hits you with a dagger.
* * * LOW HITPOINT WARNING * * *
The goblin hits you with a dagger.
* * * LOW HITPOINT WARNING * * *
The goblin completely misses you.
The goblin shoots a stone.
The stone hits you.
You die...

#.......g...
#...........
#...........
#...........
#...........
#.....g.....
#...g.......
#...@g..!...
#..gg.......
#...........
#...........
############


You could see Robin and 5 goblins.

Vanquished Creatures
  A dart slug (D:1)
  A giant cockroach (D:1)
  9 goblins (D:1)
  2 hobgoblins (D:1)
  3 bats (D:1)
  A frilled lizard (D:1)
  5 kobolds (D:1)
  A rat (D:1)
23 creatures vanquished.

Notes
Turn   | Place    | Note
-------+----------+-------------------------------------------
     0 | D:1      | Riddle the Spriggan Arcane Marksman began the quest for the
                  | Orb.
     0 | D:1      | Reached XP level 1. HP: 9/9 MP: 3/3
   403 | D:1      | Reached skill level 1 in Stealth
   604 | D:1      | Reached XP level 2. HP: 14/14 MP: 5/5
   627 | D:1      | Learned a level 2 spell: Slow
  1144 | D:2      | Noticed Robin
  1278 | D:1      | Reached skill level 4 in Hexes
  1282 | D:1      | Reached XP level 3. HP: 14/17 MP: 4/7
  1345 | D:2      | Shot with a stone by a goblin

Skill      XL: |  1  2 |
---------------+-------+-----
Stealth        | 1 |  1.7
Spellcasting   | 2 |  2.0
Hexes          | 4 |  4.0
Fighting       | |  0.7
Bows           | |  2.9
Dodging        | |  3.5

Action                   || total
-------------------------++-------
 Fire: Shortbow          ||    70
 Cast: Corona            ||    12
Armor: Robe              ||     8
Dodge: Dodged            ||    65
